 Dungeon Crawl Stone Soup version 0.25-a0-591-g2ad0d861f1 (webtiles) character file.

Game seed: 17418414975035019888, levelgen mode: deterministic

6479 Gargoyl the Chopper (level 10, 0/91 HPs)
             Began as a Centaur Abyssal Knight on Mar 14, 2020.
             Was an Elder of Lugonu.
             Slain by a killer bee (4 damage)
             ... on level 10 of the Dungeon.
             The game lasted 00:12:52 (10692 turns).

Gargoyl the Chopper (Centaur Abyssal Knight)       Turns: 10692, Time: 00:12:52

Health: 0/91       AC: 14    Str: 16    XL:     10   Next: 68%
Magic:  15/15      EV:  6    Int: 11    God:    Lugonu [****..]
Gold:   540        SH:  8    Dex:  9    Spells: 9/9 levels left

rFire    . . .     SeeInvis +   r - +2 war axe (freeze)
rCold    . . .     Gourm    .   b - +0 buckler
rNeg     . . .     Faith    .   d - +0 chain mail
rPois    .         Spirit   .   i - +0 helmet
rElec    .         Reflect  +   h - +2 cloak
rCorr    .         Harm     .   (no gloves)
MR       .....                  (no barding)
Stlth    ..........             e - +4 amulet of reflection
HPRegen  0.25/turn              u - ring of see invisible
MPRegen  0.14/turn              y - ring of stealth

@: lethally poisoned (0 -> -2), about to teleport, very quick
A: large, hooves 3, clumsy 1, deformed body, speed 2, robust 1, tough skin 3
a: Depart the Abyss, Bend Space, Banish, Corrupt, Renounce Religion


You were on level 10 of the Dungeon.
You worshipped Lugonu.
Lugonu was greatly pleased with you.
You were hungry.

You visited 1 branch of the dungeon, and saw 11 of its levels.
You visited the Abyss 1 time.

You collected 540 gold pieces.

Inventory:

Hand Weapons
 a - a +1 hand axe
 r - a +2 war axe of freezing (weapon)
 w - a +4 war axe
Armour
 b - a +0 buckler (worn)
 d - a +0 chain mail (worn)
 h - a +2 cloak (worn)
 i - a +0 helmet (worn)
Jewellery
 e - a +4 amulet of reflection (around neck)
 u - a ring of see invisible (left hand)
 y - a ring of stealth (right hand)
Wands
 j - a wand of flame (19)
 n - a wand of acid (7)
 o - a wand of iceblast (12)
Scrolls
 k - 4 scrolls of identify
 m - 3 scrolls of remove curse
 s - a scroll of teleportation
Potions
 f - a potion of stabbing
 g - a potion of heal wounds
 l - 2 potions of cancellation
 p - a potion of brilliance
 t - 4 potions of flight
Comestibles
 c - 13 rations


   Skills:
 + Level 6.2 Fighting
 + Level 7.6 Axes
 * Level 6.9 Armour
 * Level 4.6 Dodging
 + Level 3.0 Shields
 * Level 7.1 Invocations
 + Level 0.1 Evocations


You had 9 spell levels left.
You didn't know any spells.
Your spell library contained the following spells:

 Spells                   Type           Power        Failure   Level  Hunger
 Confusing Touch          Hex            #.......     100%        3    ####...
 Gell's Gravitas          Tloc           #.........   100%        3    ####...
 Petrify                  Tmut/Erth      #.......     100%        4    #####..
 Bolt of Magma            Conj/Fire/Erth #.........   100%        5    ######.
 Iskenderun's Battlesphe  Conj/Chrm      #.......     100%        5    ######.
 Metabolic Englaciation   Hex/Ice        #.........   100%        5    ######.
 Yara's Violent Unravell  Hex/Tmut       #.........   100%        5    ######.
 Iron Shot                Conj/Erth      #.........   100%        6    #######
 Orb of Destruction       Conj           #.........   100%        7    #######
 Spellforged Servitor     Conj/Summ      #.........   100%        7    #######


Dungeon Overview and Level Annotations

Branches:
Dungeon (11/15)            Temple (0/1) D:4
   Lair: D:8-11         Orc: D:9-12

Altars:
Elyvilon
Nemelex Xobeh
Qazlal
Trog
Vehumet
Wu Jian
Yredelemnul
Zin
The Shining One

Annotations:
D:4 2 transporters


Innate Abilities, Weirdness & Mutations

You have hooves in place of feet.
Armour fits poorly on your strangely shaped body.
You cover ground very quickly.
You have extremely tough skin. (AC +3)
You are clumsy. (Dex -2)
You are robust. (+10% HP)


Message History

Okay, then.
You hit the killer bee. You freeze the killer bee.
Your kick misses the killer bee.
The killer bee is moderately wounded.
The killer bee stings you but does no damage.
The killer bee stings you!
* * * LOW HITPOINT WARNING * * *
You slash the killer bee! You freeze the killer bee.
The killer bee is almost dead.
The killer bee stings you.
* * * LOW HITPOINT WARNING * * *
The killer bee stings you.
* * * LOW HITPOINT WARNING * * *
You are poisoned.
The killer bee poisons you!
As you read the scroll of teleportation, it crumbles to dust.
You feel strangely unstable.
You feel sick. The killer bee stings you.
* * * LOW HITPOINT WARNING * * *
The killer bee stings you.
You die...

..# ..... #.#
......
#.###...!..
###.##...#...
#yy.yZ.......
#y##.#...#...
#y##.....#
#y###....# .
#@###..y.####....
#.#.......(yy....
#.#.##.######....
#.# #..# ( #.#
##.## #.# #..#
..# ##.# ... #.##
#..#


You could see 5 killer bees.

Vanquished Creatures
  A spriggan (D:8)
  Sigmund (D:6)
  7 yaks
  2 hungry ghosts
  An acid dragon (D:10)
  Duvessa (D:4)
  2 water moccasins
  A black bear (D:8)
  4 orc warriors
  2 sky beasts
  An ice beast (D:6)
  3 phantoms
  3 necrophages
  3 ogres
  2 centaurs (D:9)
  A big kobold (D:9)
  2 bullfrogs
  Dowan (D:4)
  3 wyvern zombies
  2 scorpions
  5 killer bees
  2 bullfrog zombies (D:9)
  4 crimson imps
  5 orc priests
  Crazy Yiuf (D:2)
  2 centaur skeletons
  A bullfrog skeleton (D:10)
  A hound (D:11)
  2 jellies
  A gnoll shaman (D:8)
  Ijyb (D:4)
  Jessica (D:2)
  3 iguanas
  10 orc wizards
  5 worker ants
  3 hound skeletons
  A worker ant zombie (D:6)
  5 gnolls
  15 adders
  3 shadow imps
  An ooze (D:9)
  4 dart slugs
  5 leopard geckos
  39 orcs
  2 giant cockroaches (D:1)
  3 goblins
  5 hobgoblins (D:1)
  9 jackals
  5 quokkas
  3 ball pythons
  A ball python zombie (D:6)
  7 bats
  2 frilled lizards
  A jackal skeleton (D:9)
  9 kobolds
  A quokka zombie (D:6)
  3 rats
214 creatures vanquished.

Vanquished Creatures (others)
  A two-headed ogre (D:10)
  An ugly thing (D:6)
  A centaur (D:7)
  28 fungi (D:10)
31 creatures vanquished.

Grand Total: 245 creatures vanquished

Notes
Turn   | Place    | Note
-------+----------+-------------------------------------------
     0 | Abyss:1  | Gargoyl the Centaur Abyssal Knight began the quest for the
                  | Orb.
     0 | Abyss:1  | Reached XP level 1. HP: 19/19 MP: 2/2
    58 | Abyss:1  | Noticed a small abomination
    81 | Abyss:1  | Gained mutation: You are clumsy. (Dex -2) [potion of
                  | mutation]
    81 | Abyss:1  | Gained mutation: You are robust. (+10% HP) [potion of
                  | mutation]
   151 | Abyss:1  | Noticed a smoke demon
   152 | D:1      | Escaped the Abyss
   284 | D:1      | Reached XP level 2. HP: 20/28 MP: 3/3
   498 | D:1      | Reached * piety under Lugonu
   806 | D:1      | Reached XP level 3. HP: 34/34 MP: 4/4
  1320 | D:2      | Found a runed translucent door.
  1321 | D:2      | Noticed Crazy Yiuf
  1332 | D:2      | Killed Crazy Yiuf
  1332 | D:2      | Reached skill level 1 in Dodging
  1396 | D:2      | Noticed Jessica
  1404 | D:2      | Killed Jessica
  1404 | D:2      | Reached XP level 4. HP: 37/41 MP: 5/5
  2348 | D:3      | Reached XP level 5. HP: 32/50 MP: 6/6
  2757 | D:3      | Reached ** piety under Lugonu
  2781 | D:3      | Reached XP level 6. HP: 35/57 MP: 8/8
  3099 | D:3      | Found a glowing silver altar of Zin.
  3211 | D:3      | Found a radiant altar of Vehumet.
  3563 | D:4      | Found a staircase to the Ecumenical Temple.
  3599 | D:4      | Noticed Ijyb
  3637 | D:4      | Killed Ijyb
  3708 | D:4      | Found a transporter.
  3843 | D:4      | Found a transporter.
  3855 | D:4      | Identified the +2 halberd "Orb Guardian's Bane" {venom,
                  | Dex+2}
  3940 | D:4      | Noticed Duvessa
  3942 | D:4      | Noticed Dowan
  3969 | D:4      | Killed Duvessa
  3969 | D:4      | Reached skill level 1 in Shields
  3969 | D:4      | Reached XP level 7. HP: 52/63 MP: 9/9
  3978 | D:4      | Killed Dowan
  4186 | D:5      | Entered Level 5 of the Dungeon
  4647 | D:5      | Found an ornate altar of the Wu Jian Council.
  4714 | D:5      | Found a glowing golden altar of the Shining One.
  4885 | D:5      | Found a bloodstained altar of Trog.
  5386 | D:6      | Reached XP level 8. HP: 39/72 MP: 11/11
  5593 | D:6      | Reached *** piety under Lugonu
  5907 | D:6      | Noticed a green ugly thing
  5920 | D:6      | Banished a green ugly thing
  5961 | D:6      | Reached skill level 5 in Axes
  6200 | D:6      | Found a stormy altar of Qazlal.
  6207 | D:6      | Noticed Sigmund
  6242 | D:6      | Killed Sigmund
  6502 | D:6      | Reached skill level 5 in Armour
  6502 | D:6      | Reached skill level 5 in Invocations
  7090 | D:7      | Reached XP level 9. HP: 65/78 MP: 12/12
  7174 | D:7      | Found a white marble altar of Elyvilon.
  7248 | D:7      | Paralysed by fainting for 6 turns
  7742 | D:7      | Found a basalt altar of Yredelemnul.
  8054 | D:8      | Reached skill level 5 in Fighting
  8270 | D:8      | Identified the +4 chain mail of Uskayaw's Reproof {Slay+3}
  8279 | D:8      | Reached **** piety under Lugonu
  8848 | D:9      | Noticed a two-headed ogre
  8857 | D:10     | Entered Level 10 of the Dungeon
  8980 | D:10     | Reached XP level 10. HP: 26/90 MP: 14/14
  8981 | D:10     | Banished a two-headed ogre
  9460 | D:9      | Found a sparkling altar of Nemelex Xobeh.
 10692 | D:10     | HP: 4/91 [killer bee (4)]
 10692 | D:10     | Slain by a killer bee

Levels and vault maps discovered:
D:1:      dpeg_arrival_three_same_balls, layout_loops_ring
D:2:      layout_basic, uniq_crazy_yiuf_cottage, uniq_jessica
D:3:      layout_loops_cross, lemuel_coloured_pillars_altar, lemuel_statue_altar
D:4:      layout_cave_pools, minmay_temple_entry_butterflies,
          gammafunk_ghost_gnarly_gnolls, first_ration, kennysheep_nondescript,
          uniq_ijyb, uniq_duvessa
D:5:      layout_gridville, nicolae_overflow_hidden_temple
D:6:      layout_loops_ring, nicolae_qazlal_general_emergency, uniq_sigmund
D:7:      layout_basic, kennysheep_ying_yang
D:8:      layout_rooms, grunt_pizzeria
D:9:      layout_rooms, nemelex_dance_club_becter
D:10:     layout_basic, due_lair_maze_entry_diamond, uniq_psyche, uniq_maggie
D:11:     fort_yaktaur, layout_cave_pools, david_orc_5, enter_bailey_1,
          ashenzari_altar_1

Skill      XL: |  1  2  3  4  5  6  7  8  9 10 |
---------------+-------------------------------+-----
Axes           | 2 3 4 5 6 7 |  7.6
Armour         | 2 3 4 5 6 |  6.9
Dodging        | 1 2 3 4 |  4.6
Invocations    | 3 4 5 6 7 |  7.1
Shields        | 1 2 3 |  3.0
Fighting       | 4 5 6 |  6.2
Evocations     | |  0.1

Action                   |  1- 3 |  4- 6 |  7- 9 | 10-12 || total
-------------------------+-------+-------+-------+-------++-------
Melee: Hand axe          |    78 |   256 |    23 |       ||   357
       Kick              |    10 |    43 |    69 |    25 ||   147
       War axe           |       |       |   392 |   141 ||   533
Invok: Depart the Abyss  |     1 |       |       |       ||     1
       Banish            |       |       |     2 |     1 ||     3
       Bend Space        |       |       |       |     1 ||     1
Evoke: Wand              |       |       |     3 |       ||     3
  Use: Scroll            |     3 |     3 |     9 |     1 ||    16
       Potion            |     1 |     2 |     2 |     2 ||     7
  Eat: Chunk             |       |     7 |    17 |     5 ||    29
       Ration            |       |       |     1 |       ||     1
Armor: Chain mail        |    61 |   193 |   227 |    90 ||   571
Dodge: Dodged            |    14 |    66 |    92 |    52 ||   224
Block: Buckler           |    11 |    55 |   143 |    73 ||   282
       Reflection        |       |       |     4 |     1 ||     5

Table legend:
 A = Non-vault XP
 B = Vault XP
 C = Vault XP percentage of total XP
 D = Non-vault monster count
 E = Vault monster count
 F = Vault count percentage of total count
                 A         B        C        D         E       F
            +---------+---------+-------+---------+---------+-------
      Total |    8339 |     917 |   9.9 |     208 |       9 |   4.1
            +---------+---------+-------+---------+---------+-------
        D:1 |      47 |       0 |   0.0 |      20 |       0 |   0.0
        D:2 |      29 |      79 |  73.1 |       5 |       2 |  28.6
        D:3 |     343 |       0 |   0.0 |      31 |       0 |   0.0
        D:4 |     269 |     268 |  49.9 |      15 |       3 |  16.7
        D:5 |     254 |       0 |   0.0 |       7 |       0 |   0.0
        D:6 |    1279 |     223 |  14.8 |      28 |       1 |   3.4
        D:7 |     871 |       0 |   0.0 |      17 |       0 |   0.0
        D:8 |     417 |     224 |  34.9 |      17 |       1 |   5.6
        D:9 |    2680 |     123 |   4.4 |      46 |       2 |   4.2
       D:10 |    1268 |       0 |   0.0 |      15 |       0 |   0.0
       D:11 |     882 |       0 |   0.0 |       7 |       0 |   0.0
            +---------+---------+-------+---------+---------+-------
